[ PARTIDA AOE2 · #494171841 ]
UnrankedBereberes vs Malay
Equipo del jugador · VICT
Equipo rival · DERR
[ ANÁLISIS DE REPETICIÓN · EXTRAÍDO DE LA PARTIDA GRABADA ]
Feudal
8:50
Castillos
18:36
Imperial
31:58
| APM promedio | 113.7 |
| APM pico | 207 |
| eAPM promedio | 69.1 |
| Aldeanos / militares | 149 / 173 |
Foco
⚔️ 74.3% · 🌾 25.7%
Scout Cavalry ×79 · Genitour ×39 · Knight ×22 · Camel Archer ×18 · Bombard Cannon ×8 · Monk ×4
Feudal
8:30
Castillos
19:07
Imperial
32:35
| APM promedio | 56.0 |
| APM pico | 99 |
| eAPM promedio | 35.0 |
| Aldeanos / militares | 180 / 270 |
Foco
⚔️ 52.6% · 🌾 47.4%
Skirmisher ×127 · Spearman ×86 · Karambit Warrior ×26 · Archer ×14 · Trebuchet (Packed) ×6 · Militia ×5
Mapa de la partida
Recursos iniciales + cada clic de construcción. Líneas = muros · curvas = relieve. ◆ oro · ⬟ piedra · ● bayas · ✦ reliquia · ◌ hueco del cierre
Tu base· ✓ Cerrada en 18:36 · 41t muro · 2 puerta(s)
Base de DS_Nacho_10· ✓ Cerrada en 19:07 · 40t muro · sin puerta
Terreno inicial suavizado · ◌ = hueco del cierre detectado · pasá el cursor para detalles
Inputs por minuto
— VIT | Hera - - DS_Nacho_10
Build order — VIT | Hera
Primeras 150 de 436 acciones detectadas
| 0:00 | Crear | Villager (Male) |
| 0:00 | Crear | Villager (Male) |
| 0:01 | Crear | Villager (Male) |
| 0:01 | Crear | Villager (Male) |
| 0:02 | Construir | House |
| 0:02 | Construir | House |
| 1:22 | Crear | Villager (Male) |
| 1:49 | Crear | Villager (Male) |
| 1:50 | Construir | Lumber Camp |
| 2:23 | Crear | Villager (Male) |
| 2:23 | Crear | Villager (Male) |
| 2:51 | Crear | Villager (Male) |
| 2:51 | Crear | Villager (Male) |
| 3:11 | Crear | Villager (Male) |
| 3:39 | Crear | Villager (Male) |
| 3:46 | Crear | Villager (Male) |
| 3:50 | Construir | House |
| 3:53 | Construir | House |
| 4:20 | Construir | Mill |
| 4:33 | Crear | Villager (Male) |
| 4:34 | Crear | Villager (Male) |
| 4:34 | Crear | Villager (Male) |
| 4:57 | Crear | Villager (Male) |
| 6:14 | Investigar | Loom |
| 6:34 | Investigar | Feudal Age |
| 7:27 | Construir | Barracks |
| 7:35 | Construir | House |
| 7:37 | Construir | Palisade Wall |
| 8:31 | Crear | Villager (Male) |
| 8:50 | Edad | Edad Feudal |
| 8:51 | Construir | Stable |
| 8:54 | Investigar | Double-Bit Axe |
| 8:54 | Investigar | Double-Bit Axe |
| 9:06 | Construir | House |
| 9:06 | Construir | Palisade Wall |
| 9:08 | Construir | Palisade Wall |
| 9:16 | Crear | Villager (Male) |
| 9:26 | Investigar | Horse Collar |
| 9:33 | Construir | House |
| 9:36 | Crear | Scout Cavalry |
| 9:38 | Crear | Villager (Male) |
| 9:39 | Crear | Villager (Male) |
| 9:45 | Construir | House |
| 9:58 | Crear | Villager (Male) |
| 10:15 | Construir | Palisade Wall |
| 10:24 | Crear | Villager (Male) |
| 10:28 | Construir | Palisade Wall |
| 10:36 | Construir | House |
| 10:38 | Construir | House |
| 10:39 | Construir | Palisade Gate |
| 10:44 | Construir | House |
| 10:48 | Construir | Palisade Gate |
| 10:49 | Construir | Palisade Wall |
| 10:55 | Crear | Villager (Male) |
| 10:58 | Construir | Farm |
| 10:59 | Construir | Farm |
| 11:04 | Crear | Scout Cavalry |
| 11:21 | Crear | Villager (Male) |
| 11:22 | Construir | Farm |
| 11:35 | Crear | Villager (Male) |
| 11:37 | Construir | Farm |
| 11:38 | Construir | Farm |
| 11:54 | Construir | House |
| 11:58 | Construir | Palisade Wall |
| 12:00 | Construir | Palisade Wall |
| 12:12 | Crear | Villager (Male) |
| 12:17 | Construir | Farm |
| 12:31 | Construir | Farm |
| 12:46 | Construir | Farm |
| 13:01 | Crear | Villager (Male) |
| 13:11 | Construir | Farm |
| 13:15 | Construir | Farm |
| 13:19 | Crear | Villager (Male) |
| 13:24 | Construir | Farm |
| 13:46 | Crear | Villager (Male) |
| 13:59 | Crear | Villager (Male) |
| 13:59 | Crear | Villager (Male) |
| 14:00 | Crear | Villager (Male) |
| 14:01 | Construir | Mining Camp |
| 14:06 | Construir | Farm |
| 14:19 | Crear | Villager (Male) |
| 14:47 | Construir | Archery Range |
| 14:54 | Construir | Blacksmith |
| 15:42 | Construir | Archery Range |
| 15:45 | Construir | Archery Range |
| 15:56 | Investigar | Castle Age |
| 15:57 | Investigar | Castle Age |
| 16:22 | Construir | Archery Range |
| 16:59 | Investigar | Fletching |
| 16:59 | Investigar | Fletching |
| 16:59 | Investigar | Padded Archer Armor |
| 17:44 | Construir | House |
| 18:10 | Construir | House |
| 18:11 | Construir | House |
| 18:23 | Crear | Villager (Male) |
| 18:36 | Edad | Edad de los Castillos |
| 18:37 | Investigar | Bodkin Arrow |
| 18:37 | Investigar | Bodkin Arrow |
| 18:38 | Crear | Genitour |
| 18:38 | Crear | Genitour |
| 18:40 | Construir | Town Center |
| 18:43 | Investigar | Bow Saw |
| 18:55 | Crear | Villager (Male) |
| 19:11 | Construir | House |
| 19:14 | Construir | House |
| 19:16 | Crear | Villager (Male) |
| 19:16 | Crear | Genitour |
| 19:17 | Crear | Genitour |
| 19:21 | Construir | Farm |
| 19:22 | Construir | Farm |
| 19:26 | Crear | Villager (Male) |
| 19:35 | Crear | Villager (Male) |
| 19:39 | Construir | Farm |
| 19:39 | Construir | Farm |
| 19:52 | Crear | Villager (Male) |
| 19:54 | Investigar | Leather Archer Armor |
| 19:54 | Investigar | Leather Archer Armor |
| 20:08 | Crear | Villager (Male) |
| 20:10 | Construir | Farm |
| 20:21 | Construir | Monastery |
| 20:32 | Crear | Villager (Male) |
| 20:41 | Crear | Villager (Male) |
| 20:41 | Crear | Villager (Male) |
| 20:42 | Construir | Farm |
| 20:43 | Construir | Farm |
| 20:50 | Construir | Farm |
| 20:55 | Crear | Villager (Male) |
| 21:01 | Construir | Farm |
| 21:05 | Crear | Monk |
| 21:05 | Crear | Monk |
| 21:22 | Crear | Villager (Male) |
| 21:30 | Construir | Farm |
| 21:32 | Construir | Farm |
| 21:35 | Crear | Villager (Male) |
| 21:35 | Crear | Villager (Male) |
| 21:38 | Crear | Genitour |
| 21:38 | Crear | Genitour |
| 21:46 | Crear | Villager (Male) |
| 21:57 | Construir | University |
| 22:03 | Investigar | Husbandry |
| 22:12 | Crear | Villager (Male) |
| 22:19 | Crear | Villager (Male) |
| 22:23 | Crear | Genitour |
| 22:25 | Construir | Farm |
| 22:27 | Construir | House |
| 22:29 | Construir | House |
| 22:30 | Construir | House |
| 22:39 | Crear | Genitour |
| 22:40 | Crear | Genitour |
| 22:49 | Investigar | Wheelbarrow |
Build order — DS_Nacho_10
Primeras 150 de 668 acciones detectadas
| 0:00 | Crear | Villager (Male) |
| 0:01 | Construir | House |
| 0:03 | Construir | House |
| 0:06 | Crear | Villager (Male) |
| 0:08 | Crear | Villager (Male) |
| 0:16 | Crear | Villager (Male) |
| 1:23 | Crear | Villager (Male) |
| 1:47 | Crear | Villager (Male) |
| 1:53 | Construir | Lumber Camp |
| 2:24 | Crear | Villager (Male) |
| 2:38 | Crear | Villager (Male) |
| 3:11 | Crear | Villager (Male) |
| 3:20 | Crear | Villager (Male) |
| 3:41 | Crear | Villager (Male) |
| 3:49 | Construir | House |
| 3:54 | Crear | Villager (Male) |
| 4:06 | Construir | House |
| 4:32 | Crear | Villager (Male) |
| 4:33 | Crear | Villager (Male) |
| 4:33 | Crear | Villager (Male) |
| 4:41 | Construir | Palisade Wall |
| 5:33 | Crear | Villager (Male) |
| 5:33 | Crear | Villager (Male) |
| 5:34 | Construir | Mill |
| 5:54 | Investigar | Loom |
| 6:24 | Construir | Barracks |
| 7:13 | Investigar | Feudal Age |
| 7:13 | Investigar | Feudal Age |
| 7:21 | Construir | House |
| 7:33 | Crear | Militia |
| 7:34 | Crear | Militia |
| 7:43 | Construir | Mining Camp |
| 7:54 | Crear | Militia |
| 8:15 | Construir | Palisade Wall |
| 8:18 | Crear | Villager (Male) |
| 8:26 | Crear | Militia |
| 8:30 | Edad | Edad Feudal |
| 8:40 | Crear | Villager (Male) |
| 9:02 | Construir | Palisade Wall |
| 9:09 | Crear | Militia |
| 9:10 | Construir | Archery Range |
| 9:22 | Crear | Villager (Male) |
| 9:30 | Construir | Farm |
| 9:40 | Construir | House |
| 9:46 | Investigar | Man-at-Arms (upgrade) |
| 9:46 | Investigar | Man-at-Arms (upgrade) |
| 9:57 | Crear | Villager (Male) |
| 9:57 | Crear | Villager (Male) |
| 10:00 | Construir | House |
| 10:02 | Construir | House |
| 10:13 | Construir | Farm |
| 10:51 | Crear | Villager (Male) |
| 10:53 | Construir | Farm |
| 11:01 | Crear | Villager (Male) |
| 11:01 | Crear | Archer |
| 11:03 | Crear | Villager (Male) |
| 11:05 | Crear | Spearman |
| 11:07 | Crear | Villager (Male) |
| 11:08 | Crear | Villager (Male) |
| 11:13 | Construir | Palisade Wall |
| 11:14 | Construir | Palisade Wall |
| 11:35 | Crear | Villager (Male) |
| 11:37 | Construir | Farm |
| 11:37 | Crear | Villager (Male) |
| 11:41 | Construir | Palisade Wall |
| 11:42 | Crear | Villager (Male) |
| 11:53 | Construir | House |
| 11:54 | Crear | Villager (Male) |
| 12:00 | Construir | Palisade Wall |
| 12:02 | Construir | Palisade Wall |
| 12:04 | Construir | Palisade Wall |
| 12:06 | Crear | Villager (Male) |
| 12:12 | Construir | House |
| 12:13 | Construir | Palisade Wall |
| 12:16 | Construir | Palisade Wall |
| 12:17 | Crear | Villager (Male) |
| 12:38 | Crear | Archer |
| 12:42 | Crear | Villager (Male) |
| 12:45 | Crear | Villager (Male) |
| 12:47 | Investigar | Double-Bit Axe |
| 12:55 | Crear | Villager (Male) |
| 12:58 | Construir | House |
| 13:04 | Crear | Archer |
| 13:25 | Crear | Spearman |
| 13:26 | Crear | Villager (Male) |
| 13:38 | Construir | House |
| 13:43 | Construir | House |
| 13:48 | Crear | Villager (Male) |
| 13:49 | Construir | Farm |
| 13:49 | Crear | Villager (Male) |
| 13:53 | Crear | Villager (Male) |
| 13:56 | Construir | Farm |
| 13:58 | Construir | Farm |
| 14:02 | Crear | Archer |
| 14:05 | Construir | Farm |
| 14:15 | Construir | Farm |
| 14:16 | Crear | Villager (Male) |
| 14:19 | Construir | Palisade Wall |
| 14:24 | Crear | Villager (Male) |
| 14:26 | Crear | Archer |
| 14:28 | Construir | Farm |
| 14:34 | Construir | Farm |
| 14:48 | Construir | Farm |
| 14:48 | Crear | Villager (Male) |
| 15:04 | Crear | Archer |
| 15:31 | Construir | Farm |
| 15:40 | Crear | Archer |
| 16:06 | Construir | Blacksmith |
| 16:11 | Construir | Farm |
| 16:19 | Construir | Farm |
| 16:20 | Crear | Villager (Male) |
| 16:26 | Crear | Archer |
| 17:21 | Investigar | Castle Age |
| 17:26 | Construir | Archery Range |
| 17:30 | Construir | Lumber Camp |
| 17:34 | Construir | House |
| 17:40 | Crear | Archer |
| 17:51 | Investigar | Gold Mining |
| 17:51 | Investigar | Gold Mining |
| 18:04 | Investigar | Fletching |
| 18:04 | Investigar | Fletching |
| 18:13 | Crear | Archer |
| 18:16 | Crear | Villager (Male) |
| 18:33 | Investigar | Padded Archer Armor |
| 18:40 | Investigar | Horse Collar |
| 18:42 | Crear | Archer |
| 18:42 | Crear | Archer |
| 18:53 | Construir | Farm |
| 18:53 | Construir | Farm |
| 19:04 | Crear | Villager (Male) |
| 19:07 | Edad | Edad de los Castillos |
| 19:15 | Crear | Villager (Male) |
| 19:21 | Crear | Archer |
| 19:37 | Crear | Villager (Male) |
| 19:46 | Construir | Town Center |
| 19:47 | Crear | Villager (Male) |
| 20:12 | Construir | Lumber Camp |
| 20:14 | Investigar | Bodkin Arrow |
| 20:14 | Investigar | Bodkin Arrow |
| 20:24 | Crear | Villager (Male) |
| 20:39 | Construir | Palisade Wall |
| 20:42 | Crear | Villager (Male) |
| 20:58 | Construir | Monastery |
| 21:00 | Crear | Villager (Male) |
| 21:00 | Crear | Villager (Male) |
| 21:09 | Crear | Villager (Male) |
| 21:19 | Construir | Farm |
| 21:20 | Construir | Farm |
| 21:34 | Crear | Villager (Male) |
| 21:48 | Crear | Monk |
Cronología de la partida
| 4:41 | DS_Nacho_10 · wall_segment Palisade Wall x5 |
| 6:24 | DS_Nacho_10 · first_building Barracks |
| 7:27 | VIT | Hera · first_building Barracks |
| 7:37 | VIT | Hera · wall_segment Palisade Wall x5 |
| 8:15 | DS_Nacho_10 · wall_segment Palisade Wall x1 |
| 8:30 | DS_Nacho_10 · age_up feudal |
| 8:50 | VIT | Hera · age_up feudal |
| 8:51 | VIT | Hera · first_building Stable |
| 9:02 | DS_Nacho_10 · wall_segment Palisade Wall x1 |
| 9:06 | VIT | Hera · wall_segment Palisade Wall x2 |
| 9:08 | VIT | Hera · wall_segment Palisade Wall x1 |
| 9:10 | DS_Nacho_10 · first_building Archery Range |
| 10:15 | VIT | Hera · wall_segment Palisade Wall x9 |
| 10:28 | VIT | Hera · wall_segment Palisade Wall x1 |
| 10:49 | VIT | Hera · wall_segment Palisade Wall x1 |
| 11:13 | DS_Nacho_10 · wall_segment Palisade Wall x2 |
| 11:14 | DS_Nacho_10 · wall_segment Palisade Wall x2 |
| 11:41 | DS_Nacho_10 · wall_segment Palisade Wall x2 |
| 11:58 | VIT | Hera · wall_segment Palisade Wall x14 |
| 12:00 | DS_Nacho_10 · wall_segment Palisade Wall x8 |
| 12:00 | VIT | Hera · wall_segment Palisade Wall x9 |
| 12:02 | DS_Nacho_10 · wall_segment Palisade Wall x2 |
| 12:04 | DS_Nacho_10 · wall_segment Palisade Wall x7 |
| 12:13 | DS_Nacho_10 · wall_segment Palisade Wall x6 |
| 12:16 | DS_Nacho_10 · wall_segment Palisade Wall x4 |
| 14:19 | DS_Nacho_10 · wall_segment Palisade Wall x1 |
| 14:47 | VIT | Hera · first_building Archery Range |
| 18:36 | VIT | Hera · age_up castle |
| 19:07 | DS_Nacho_10 · age_up castle |
| 20:21 | VIT | Hera · first_building Monastery |
| 20:39 | DS_Nacho_10 · wall_segment Palisade Wall x1 |
| 20:58 | DS_Nacho_10 · first_building Monastery |
| 27:14 | DS_Nacho_10 · first_market_buy 100 wood |
| 27:59 | VIT | Hera · first_market_buy 100 stone |
| 28:54 | DS_Nacho_10 · first_building Siege Workshop |
| 30:35 | DS_Nacho_10 · first_market_sell 100 wood |
| 30:45 | DS_Nacho_10 · first_building Castle |
| 31:58 | VIT | Hera · age_up imperial |
| 32:35 | DS_Nacho_10 · age_up imperial |
| 34:48 | VIT | Hera · first_building Castle |
| 35:00 | DS_Nacho_10 · wall_segment Stone Wall x8 |
| 35:04 | DS_Nacho_10 · wall_segment Stone Wall x2 |
| 35:10 | DS_Nacho_10 · wall_segment Stone Wall x15 |
| 35:25 | VIT | Hera · first_building Siege Workshop |
| 36:08 | VIT | Hera · first_market_sell 100 food |
| 38:34 | DS_Nacho_10 · wall_segment Stone Wall x10 |
| 45:42 | DS_Nacho_10 · resign |
[ ANÁLISIS IA · 1 CRÉDITO ]
¿Qué pasó realmente en esta partida?
Wolo.gg analiza cada decisión: build order, eco, micro, errores típicos por bracket. Análisis personalizado por WhatsApp o Discord en 30 segundos.
Guía civ
Bereberes
Perfil
Hera